 Dungeon Crawl Stone Soup version 0.23.2-1-ga50397a6bc (webtiles) character file.

Game seed: 13210081162978917803

123 Mrkan the Ducker (level 5, -1/41 HPs)
             Began as a Merfolk Gladiator on May 1, 2019.
             Was an Initiate of Dithmenos.
             Slain by a jelly (3 damage)
             ... on level 3 of the Dungeon.
             The game lasted 00:06:19 (2356 turns).

Mrkan the Ducker (Merfolk Gladiator)                Turns: 2356, Time: 00:06:19

Health: -1/41      AC: -4    Str: 15    XL:     5   Next: 7%
Magic:  5/5        EV: 16    Int:  8    God:    Dithmenos [......]
Gold:   70         SH:  0    Dex: 15    Spells: 4/4 levels left

rFire    . . .     SeeInvis .   a - +0 trident
rCold    . . .     Gourm    .   (no shield)
rNeg     . . .     Faith    .   b - +0 leather armour
rPois    .         Spirit   .   c - +0 helmet
rElec    .         Reflect  .   (no cloak)
rCorr    .         Harm     .   (no gloves)
MR       .....                  (no boots)
Stlth    +.........             (no amulet)
HPRegen  0.13/turn              (no ring)
MPRegen  0.09/turn              (no ring)

@: corroded
A: change form in water, swift swim, stealthy swim
a: Renounce Religion


You were on level 3 of the Dungeon.
You worshipped Dithmenos.
Dithmenos was noncommittal.
You were not hungry.

You visited 1 branch of the dungeon, and saw 3 of its levels.

You collected 70 gold pieces.

Inventory:

Hand Weapons
 a - a +0 trident (weapon)
Missiles
 d - 3 throwing nets (quivered)
Armour
 b - a +0 leather armour (worn)
 c - a +0 helmet (worn)
Jewellery
 h - an uncursed ring of fire {unknown}
Wands
 r - a wand of digging (3)
Scrolls
 e - 2 scrolls of identify {unknown}
 g - 2 scrolls of remove curse {unknown}
 j - a scroll of enchant armour {unknown}
 k - a scroll of amnesia {unknown}
 m - a scroll of fear {unknown}
 p - a scroll of immolation {unknown}
Potions
 i - a potion of curing {unknown}
 l - 2 potions of degeneration {unknown}
 o - a potion of mutation {unknown}
 q - a potion of flight {unknown}
Comestibles
 f - 6 rations


   Skills:
 * Level 3.5 Fighting
 - Level 4.4 Polearms
 - Level 2.0 Throwing
 * Level 6.5 Dodging
 - Level 0.5 Stealth


You had 4 spell levels left.
You didn't know any spells.
Your spell library was empty.

Dungeon Overview and Level Annotations

Branches:
Dungeon (3/15)

Altars:
Dithmenos
Trog


Message History

The jelly is heavily wounded.
The jelly completely misses you.
You hit the jelly but do no damage.
Your hands burn!
The jelly is heavily wounded.
The jelly misses you.
You hit the jelly.
Your hands burn!
The jelly is heavily wounded.
The jelly closely misses you.
You hit the jelly.
Your hands burn!
The jelly is severely wounded.
The jelly barely misses you.
You puncture the jelly!
Your hands burn!
The jelly is almost dead.
The jelly hits you.
You are splashed with acid.
* * * LOW HITPOINT WARNING * * *
You hit the jelly. The acid corrodes you!
Your hands burn!
* * * LOW HITPOINT WARNING * * *
The jelly is almost dead.
The jelly hits you.
You die...

.......†....# #...##
..#....†..### #.###...
#..###.....# #.....##
#..........### #.###..†
#.####.......# #...##
#.......### ###.#...
#.........# #...#.##
#..<......###.###...
#.)@J...............
...$.............'......
##............####......
#.=..........####......
#...(........#.........
+............#.........
#............#.........
##+######....#.........
#.........


You could see a jelly.

Vanquished Creatures
  5 adders
  2 worms (D:2)
  4 dart slugs
  3 leopard geckos
  3 giant cockroaches
  7 goblins
  9 hobgoblins
  6 jackals (D:3)
  A ball python (D:1)
  3 bats
  A frilled lizard (D:3)
  8 kobolds
  9 rats
61 creatures vanquished.

Notes
Turn   | Place    | Note
-------+----------+-------------------------------------------
     0 | D:1      | Mrkan the Merfolk Gladiator began the quest for the Orb.
     0 | D:1      | Reached XP level 1. HP: 16/16 MP: 1/1
    10 | D:1      | Noticed a bullfrog
   140 | D:1      | Reached XP level 2. HP: 22/22 MP: 2/2
   611 | D:1      | Reached skill level 5 in Dodging
   731 | D:1      | Reached XP level 3. HP: 26/28 MP: 3/3
  1394 | D:2      | Reached XP level 4. HP: 31/34 MP: 4/4
  1662 | D:2      | Reached skill level 6 in Dodging
  1771 | D:3      | Found a shadowy altar of Dithmenos.
  1985 | D:3      | Became a worshipper of Dithmenos the Shadowed
  2020 | D:3      | Found a bloodstained altar of Trog.
  2216 | D:3      | Reached XP level 5. HP: 32/41 MP: 5/5
  2356 | D:3      | HP: 2/41 [acid (5)]
  2356 | D:3      | Slain by a jelly

Skill      XL: |  1  2  3  4 |
---------------+-------------+-----
Dodging        | 5 6 |  6.5
Fighting       | 3 |  3.5
Polearms       | |  4.4
Throwing       | |  2.0
Stealth        | |  0.5

Action                   |  1- 3 |  4- 6 || total
-------------------------+-------+-------++-------
Melee: Trident           |    97 |    98 ||   195
 Stab: Sleeping          |     2 |     2 ||     4
  Eat: Chunk             |     1 |     4 ||     5
Armor: Leather armour    |    18 |    19 ||    37
Dodge: Dodged            |    68 |    90 ||   158
